 Dungeon Crawl Stone Soup version 0.27-a0-988-g25969acef8 (webtiles) character file.

Game seed: 1544991008139473972

30 HendSelp the Bolt Thrower (level 3, -5/21 HPs)
             Began as a Kobold Hunter on Apr 15, 2021.
             Slain by an ice beast (14 damage)
             ... on level 2 of the Dungeon.
             The game lasted 00:00:44 (920 turns).

HendSelp the Bolt Thrower (Kobold Hunter)            Turns: 920, Time: 00:00:44

Health: -5/21      AC:  5    Str:  9    XL:     3   Next: 37%
Magic:  3/3        EV: 14    Int: 12    God:
Gold:   20         SH:  0    Dex: 16    Spells: 2/2 levels left

rFire    . . .     SeeInvis .   a - +1 hand crossbow
rCold    . . .     Faith    .   (shield restricted)
rNeg     . . .     Spirit   .   c - +1 leather armour
rPois    .         Reflect  .   (no helmet)
rElec    .         Harm     .   e - +0 cloak
rCorr    .         Rampage  .   (no gloves)
Will     .....                  (no boots)
Stlth    +++.......             (no amulet)
HPRegen  0.07/turn              (no ring)
MPRegen  0.08/turn              (no ring)

@: no status effects
A: small, no large weapons, nightstalker 3
a: no special abilities


You were on level 2 of the Dungeon.
You visited 1 branch of the dungeon, and saw 2 of its levels.

You collected 20 gold pieces.

Inventory:

Hand Weapons
 a - a +1 hand crossbow (weapon)
 b - a +0 short sword
Missiles
 d - 19 bolts (quivered ammo)
Armour
 c - a +1 leather armour (worn)
 e - a +0 cloak (worn)


   Skills:
 - Level 2.1 Fighting
 + Level 6.1 Crossbows
 - Level 2.4 Dodging
 - Level 1.3 Stealth


You had 2 spell levels left.
You didn't know any spells.
Your spell library was empty.

Dungeon Overview and Level Annotations

Branches:
Dungeon (2/15)

Altars:


Innate Abilities, Weirdness & Mutations

You are small and have problems with some larger weapons.
You are completely attuned to the shadows.


Message History

There are monsters nearby!
You shoot a bolt.
The bolt hits the orc but does no damage.
The orc is heavily wounded.
There are monsters nearby!
You shoot a bolt. The bolt barely misses the orc.
The ball python bites you but does no damage.
The ball python grabs you. The ball python constricts you.
There are monsters nearby!
You shoot a bolt. The bolt hits the ball python!
You kill the ball python!
The orc hits you with a +0 club.
A rat comes into view.
The orc hits you with a +0 club.
There are monsters nearby!
You shoot a bolt. The bolt hits the orc.
You kill the orc!
The rat twitches its whiskers.
A rat is nearby!
Unknown command.
You shoot a bolt. The bolt barely misses the rat.
An ice beast comes into view.
There are monsters nearby!
Unknown command.
You shoot a bolt. The bolt hits the rat.
The rat is moderately wounded.
The rat barely misses you.
There are monsters nearby!
Unknown command.
You shoot a bolt. The bolt hits the rat!
You kill the rat!
An ice beast is nearby!
You shoot a bolt. The bolt hits the ice beast.
The ice beast is lightly wounded.
An ice beast is nearby!
You shoot a bolt. The bolt hits the ice beast.
The ice beast is moderately wounded.
The ice beast hits you. The ice beast freezes you!
Ouch! That really hurt!
You die...

#.# #
##.####.#.#
........#.##
(....##.....
.(...##<#..(
(.(Y@(.....#
...(.##.##.#
.....##†.# #
##.........
.......<..


You could see an ice beast.

Vanquished Creatures
  An orc (D:2)
  3 bats
  2 endoplasms (D:1)
  2 goblins (D:1)
  A hobgoblin (D:1)
  4 jackals (D:1)
  2 kobolds (D:1)
  2 quokkas (D:1)
  4 ball pythons
  3 frilled lizards
  2 rats
26 creatures vanquished.

Notes
Turn   | Place    | Note
-------+----------+-------------------------------------------
     0 | D:1      | HendSelp the Kobold Hunter began the quest for the Orb.
     0 | D:1      | Reached XP level 1. HP: 12/12 MP: 1/1
    38 | D:1      | Reached skill level 5 in Crossbows
    57 | D:1      | Reached XP level 2. HP: 17/17 MP: 2/2
   486 | D:1      | Reached XP level 3. HP: 21/21 MP: 3/3
   905 | D:2      | Reached skill level 6 in Crossbows
   916 | D:2      | Noticed an ice beast
   920 | D:2      | Slain by an ice beast

Illustrated notes

Levels and vault maps discovered:
D:1:      dpeg_arrival_shrine, layout_basic, grunt_decor_clamped,
          chequers_serial_rivers_micro_b
D:2:      layout_loops_ring, ebering_ecumenical_altar_petrified,
          solitary_fountain, minmay_misc_feat_x

Skill      XL: |  1  2  3 |
---------------+----------+-----
Crossbows      | 5 6 |  6.1
Fighting       | |  2.1
Dodging        | |  2.4
Stealth        | |  1.3

Action                   || total
-------------------------++-------
 Fire: Hand crossbow     ||    49
  Use: Scroll            ||     4
Armor: Leather armour    ||     3
Dodge: Dodged            ||    12

Table legend: (Time is in decaauts)
 A = Elapsed time spent in this place.
 B = Non-inter-level travel time spent in this place.
 C = Inter-level travel time spent in this place.
 D = Time resting spent in this place.
 E = Time spent auto-exploring this place.
 F = Levels seen in this place.
 G = Mean time per level.
                   A        B        C        D        E       F      G
               +--------+--------+--------+--------+--------+-----+--------+
         Total |    931 |    885 |     46 |      0 |    773 |   2 |  465.5 |
       Dungeon |    931 |    885 |     46 |      0 |    773 |   2 |  465.5 |
               +--------+--------+--------+--------+--------+-----+--------+

Top non-repeatable levels by time:
     D:1: 909 daAuts
     D:2: 22 daAuts
